Cogmind - Beta 14 @@@ ROGUE MODE // 2024.10.13 @ 19:44:32 Player: KURIIRI Result: Self-destructed Performance ------------- Evolutions (2) 1000 Regions Visited (7) 1400 Robots Destroyed (94) 470 Value Destroyed (2047) 2047 Prototype IDs (32) 640 Alien Tech Used (0) 0 Bonus (370) 370 TOTAL SCORE: 5927 Bonus ------- High Alert Combat Kills 28 Follower Combat Kills 42 Aligned with FarCom 300 Cogmind --------- Core Integrity 550/550 Matter 290/300 Energy 154/160 System Corruption 0% Temperature Cool (0) Movement Treading (160) Location -8/Materials Parts ------- > --- POWER (1) -------- Light Nuclear Core > --- PROPULSION (3) --- Light Treads Improved Treads > --- UTILITY (5) ------ Large Storage Unit Advanced Targeting Computer Hardened Light Armor Plating Hacking Suite System Shield > --- WEAPON (2) ------- Particle Cannon Heavy Assault Rifle > --- INVENTORY (15) --- Light Fission Core Light Treads Cooling System High-capacity Storage Unit Compact Battery (200) Hardened Light Armor Plating Hacking Suite System Shield Particle Cannon YOLO Cannon Datajack Hammer Peak State ------------ > --- POWER ------------ Nuclear Core > --- PROPULSION ------- Light Treads Improved Treads > --- UTILITY ---------- Large Storage Unit Hacking Suite System Shield Thief Drone Bay > --- WEAPON ----------- Particle Cannon Heavy Assault Rifle > --- INVENTORY -------- Light Treads Light Treads Light Treads Cooling System High-capacity Storage Unit Compact Battery Hardened Light Armor Plating Hardened Light Armor Plating Hacking Suite System Shield Particle Cannon Heavy Assault Rifle Mini Grenade Launcher Datajack Hammer [Rating: 26] Favorites ----------- Power Nuclear Core Engine Ion Engine Power Core Nuclear Core Propulsion Light Treads Treads Light Treads Flight Unit Improved Flight Unit Utility Large Storage Unit Device Terrain Scanner Storage Large Storage Unit Processor Targeting Computer Hackware Hacking Suite Protection Hardened Light Armor Plating Weapon Particle Cannon Energy Gun EM Pulse Gun Energy Cannon Particle Cannon Ballistic Gun Heavy Assault Rifle Launcher Grenade Launcher Impact Weapon Hammer Build | -11 -10 -10 -9 -9 -9 -8 -8 ------- Run | Yrd Mat Min Mat Min Exi Min Mat Slots Evolved 4 | . . . 2 . . . 2 Power . | . . . . . . . . Propulsion 1 | . . . . . . . 1 Utility 3 | . . . 2 . . . 1 Weapon . | . . . . . . . . Parts Attached 76 | 6 15 3 46 3 . 2 1 Power 8 | 1 1 1 4 . . 1 . Engine 4 | 1 1 . 2 . . . . Core 4 | . . 1 2 . . 1 . Reactor . | . . . . . . . . Propulsion 15 | 2 2 . 9 1 . 1 . Treads 14 | 2 2 . 8 1 . 1 . Leg . | . . . . . . . . Wheel . | . . . . . . . . Hover . | . . . . . . . . Flight 1 | . . . 1 . . . . Utility 16 | 1 2 1 9 2 . . 1 Device 4 | . . 1 2 1 . . . Storage 3 | 1 1 . 1 . . . . Processor 3 | . 1 . 1 . . . 1 Hackware 2 | . . . 2 . . . . Protection 4 | . . . 3 1 . . . Artifact . | . . . . . . . . Weapon 37 | 2 10 1 24 . . . . Energy Gun 8 | 1 3 . 4 . . . . Energy Cannon 2 | . . . 2 . . . . Ballistic Gun 14 | 1 4 . 9 . . . . Ballistic Cannon . | . . . . . . . . Launcher 11 | . 2 1 8 . . . . Special Weapon . | . . . . . . . . Impact Weapon 2 | . 1 . 1 . . . . Slashing Weapon . | . . . . . . . . Piercing Weapon . | . . . . . . . . Special Melee Weapon . | . . . . . . . . Unidentified Prototypes 6 | . . . 5 1 . . . Parts Lost 8 | . 2 2 2 . . 2 . Power 2 | . . . 1 . . 1 . Propulsion 3 | . 1 1 . . . 1 . Utility 1 | . . . 1 . . . . Weapon 2 | . 1 1 . . . . . Highest Loss Streak 2 | . 2 2 1 . . 2 . To Critical Strikes . | . . . . . . . . Average Slot Usage (%) 95 | . 91 93 95 100 100 98 . Engine 3 | . 14 9 . . . . . Core 7 | . . 4 10 11 11 10 . Treads 22 | . 27 21 20 22 22 21 . Device 4 | . . 14 7 . . . . Storage 11 | . 14 14 11 11 11 11 . Processor 2 | . 6 . 3 . . . . Hackware 10 | . . . 10 22 22 22 . Protection 7 | . . . 9 11 11 11 . Energy Gun 4 | . 13 7 2 . . . . Energy Cannon 5 | . . . 6 11 11 11 . Ballistic Gun 11 | . 11 14 10 11 11 11 . Launcher 1 | . 1 6 2 . . . . Peak Build Rating 26 | 6 7 8 21 26 24 24 26 Average Rating 15 | 4 6 7 17 21 22 22 26 On Entrance 13 | . 6 7 8 21 22 24 23 Naked Turns . | . . . . . . . . Heaviest Build 39 | 14 30 31 39 39 39 39 . Greatest Support 43 | 40 40 40 43 43 43 43 . Greatest Overweight (x) 1 | . . 1 1 . . 1 . Average Overweight (x) . | . . . . . . . . Largest Inventory Capacity 15 | 8 15 15 15 15 15 15 15 Average Capacity 14 | 6 14 15 15 15 15 15 15 Most Carried 15 | . 7 7 15 15 15 15 13 Average Carried 11 | . 4 5 13 14 14 14 13 Final Capacity 15 | 8 15 15 15 15 15 15 15 Final Carried 15 | . 7 6 15 14 15 14 13 Class Distribution -------------------- 47% | Mutant 44% | Hacker-Mutant 8% | Scavenger-Mutant Dominant Class ---------------- Mutant | -10/Materials Mutant | -10/Mines Mutant | -9/Materials Hacker-Mutant | -9/Mines Hacker-Mutant | -9/Exiles Hacker-Mutant | -8/Mines Hacker-Mutant | -8/Materials Resources | -11 -10 -10 -9 -9 -9 -8 -8 ----------- Run | Yrd Mat Min Mat Min Exi Min Mat Matter Collected 1837 | 187 449 90 978 96 . 37 . Remotely . | . . . . . . . . Salvage Created 2463 | . 676 129 1484 62 . 112 . Parts 191 | . 52 9 112 14 . 4 . Haulers Intercepted 6 | . 2 . 4 . . . . Recyclers Shooed 3 | . . 1 1 1 . . . Parts Field Recycled . | . . . . . . . . Retrieved Matter . | . . . . . . . . Parts Self-Destructed . | . . . . . . . . Prevented . | . . . . . . . . Kills | -11 -10 -10 -9 -9 -9 -8 -8 ------- Run | Yrd Mat Min Mat Min Exi Min Mat Combat Hostiles Destroyed 67 | . 22 5 35 3 . 2 . Melee 1 | . . . 1 . . . . Guns 34 | . 16 3 11 2 . 2 . Cannons 11 | . . . 10 1 . . . AOE 21 | . 6 2 13 . . . . Classes Destroyed 10 | . 6 . 4 . . . . Worker 5 | . 1 . 1 3 . . . Builder 4 | . . . 3 1 . . . Hauler 6 | . 2 . 4 . . . . Recycler 1 | . . . 1 . . . . Operator 4 | . 1 . 3 . . . . Watcher 7 | . 2 . 5 . . . . Swarmer 29 | . 12 3 11 3 . . . Grunt 28 | . 10 2 14 . . 2 . Duelist 2 | . . . 2 . . . . Sentry 8 | . . . 8 . . . . Best Kill Streak 7 | . 4 3 7 3 . 2 . Combat Bots Only 5 | . 4 3 5 3 . 2 . Max Kills in Single Turn 3 | . 3 2 2 1 . 1 . Gunslinging . | . . . . . . . . Exploded 3 | . 3 2 2 . . . . Melee 1 | . . . 1 . . . . Uniques/NPCs Destroyed . | . . . . . . . . Combat | -11 -10 -10 -9 -9 -9 -8 -8 -------- Run | Yrd Mat Min Mat Min Exi Min Mat Hostile Shots Fired 336 | . 103 44 165 10 . 14 . Missed 89 | . 26 15 46 2 . . . Damage Taken 2886 | . 808 282 1489 63 . 244 . Core 389 | . 140 50 169 . . 30 . Absorbed by Shields 113 | . . . 113 . . . . Regen/Repaired (Parts) 523 | . 162 . 361 . . . . Core Remaining (%) 58 | 100 . 24 . . . 50 . Volleys Fired 242 | . 80 29 118 6 . 9 . Largest 2 | . 2 2 2 2 . 2 . Hottest 91 | . 70 60 91 91 . 91 . Shots Fired 422 | . 149 42 205 10 . 16 . Gun 318 | . 146 41 118 4 . 9 . Cannon 78 | . . . 65 6 . 7 . Launcher 26 | . 3 1 22 . . . . Special . | . . . . . . . . Kinetic 214 | . 74 26 101 4 . 9 . Thermal 145 | . 50 . 82 6 . 7 . Explosive 26 | . 3 1 22 . . . . Electromagnetic 37 | . 22 15 . . . . . Robot Hit Streak 16 | . 16 7 12 3 . 10 . Robot Miss Streak 5 | . 5 2 3 2 . 2 . Penetration Max . | . . . . . . . . Secondary Targets 5 | . 3 1 1 . . . . Max Gunslinging Chain 1 | . 1 1 1 . . . . Shots Hit Robots 261 | . 90 26 127 5 . 13 . Core Hits 136 | . 41 9 78 4 . 4 . Critical Kills . | . . . . . . . . Critical Parts Destroyed 1 | . . . . . . 1 . Critical Strikes 7 | . 5 1 . . . 1 . Burn 4 | . 4 . . . . . . Destroy 1 | . . . . . . 1 . Corrupt 2 | . 1 1 . . . . . Melee Attacks 9 | . 2 . 7 . . . . Impact 9 | . 2 . 7 . . . . Slashing . | . . . . . . . . Piercing . | . . . . . . . . Sneak Attacks . | . . . . . . . . Combat Hostiles . | . . . . . . . . Follow-up Attacks . | . . . . . . . . Damage Inflicted 5487 | . 1419 453 3221 148 . 246 . Guns 2797 | . 1220 311 1117 35 . 114 . Cannons 1120 | . . . 928 69 . 123 . Explosions 1352 | . 197 137 1018 . . . . Melee 122 | . . . 122 . . . . Ramming 96 | . 2 5 36 44 . 9 . Kinetic 1885 | . 612 202 922 35 . 114 . Thermal 1880 | . 504 61 1123 69 . 123 . Explosive 1220 | . 126 76 1018 . . . . Electromagnetic 284 | . 175 109 . . . . . Impact 122 | . . . 122 . . . . Slashing . | . . . . . . . . Piercing . | . . . . . . . . Highest Corruption . | . . . . . . . . Average Corruption . | . . . . . . . . Corruption Purged . | . . . . . . . . Corruption Blocked . | . . . . . . . . Overload Shots . | . . . . . . . . Overflow Damage 56 | . 12 . 44 . . . . Projectiles 10 | . . . 10 . . . . Explosions 24 | . 12 . 12 . . . . Melee 22 | . . . 22 . . . . Knockbacks 3 | . . . 1 2 . . . Impact 3 | . . . 1 2 . . . Kinetic . | . . . . . . . . Secondary . | . . . . . . . . Self-Inflicted Damage 156 | . 56 . 100 . . . . Shots 6 | . 2 . 4 . . . . Rammed 19 | . 2 1 7 7 . 2 . Targets Rammed 23 | . 2 1 7 11 . 2 . Kicked . | . . . . . . . . Crushed 4 | . . . . 4 . . . Highest Temperature 373 | . 138 39 373 204 . 345 . Average Temperature 86 | . 41 24 94 95 . 189 . Received Heat Transfer 815 | . 234 69 368 . . 144 . Effects 1 | . . . 1 . . . . Matter Decay 1 | . . . 1 . . . . Siege Activations . | . . . . . . . . Robots Corrupted . | . . . . . . . . Combat Hostiles . | . . . . . . . . Parts Fried . | . . . . . . . . Impact Corruptions 1 | . . . 1 . . . . Robots Melted . | . . . . . . . . Combat Hostiles . | . . . . . . . . Parts Melted 7 | . 2 . 3 1 . 1 . Heat Transferred 4076 | . 1595 100 2048 111 . 222 . Parts Sabotaged . | . . . . . . . . Parts Stolen . | . . . . . . . . Parts Stripped . | . . . . . . . . Power Chain Reactions 3 | . 2 1 . . . . . Alert | -11 -10 -10 -9 -9 -9 -8 -8 ------- Run | Yrd Mat Min Mat Min Exi Min Mat Peak Influence 528 | . 276 256 528 338 . 36 . Initial 205 | . . 107 99 205 . . . Average 166 | . 101 202 221 190 . 1 . Maximum Alert Level 2 | . 1 1 2 1 . . . Low Security (%) 58 | 100 80 34 46 42 . 100 100 Level 1 37 | . 19 65 44 57 . . . Level 2 3 | . . . 8 . . . . Level 3 . | . . . . . . . . Level 4 . | . . . . . . . . Level 5 . | . . . . . . . . High Security . | . . . . . . . . Max Security . | . . . . . . . . Squads Dispatched 9 | . 4 . 5 . . . . Investigation 4 | . 3 . 1 . . . . Extermination . | . . . . . . . . Reinforcement 5 | . 1 . 4 . . . . Assault . | . . . . . . . . Garrison . | . . . . . . . . Intercept . | . . . . . . . . Searches Triggered . | . . . . . . . . Construction Impeded 1 | . . . 1 . . . . Haulers Reinforced . | . . . . . . . . Active Scanning Responses . | . . . . . . . . Cargo Convoy Interrupts . | . . . . . . . . Stealth | -11 -10 -10 -9 -9 -9 -8 -8 --------- Run | Yrd Mat Min Mat Min Exi Min Mat Distress Signals 2 | . 2 . . . . . . Communications Jammed . | . . . . . . . . Distress Signals . | . . . . . . . . Times Spotted 94 | . 33 6 48 4 . 3 . Peak Tracking Total 5 | . 5 3 5 3 . 3 . Tactical Retreats 5 | . 1 1 3 . . . . Traps | -11 -10 -10 -9 -9 -9 -8 -8 ------- Run | Yrd Mat Min Mat Min Exi Min Mat Traps Triggered 2 | . 1 . 1 . . . . Indirectly . | . . . . . . . . Trap Hack Attempts . | . . . . . . . . Triggered . | . . . . . . . . Disarmed . | . . . . . . . . Reprogrammed . | . . . . . . . . Reused . | . . . . . . . . Traps Extracted . | . . . . . . . . Installed . | . . . . . . . . Triggered . | . . . . . . . . Machines | -11 -10 -10 -9 -9 -9 -8 -8 ---------- Run | Yrd Mat Min Mat Min Exi Min Mat Machines Disabled 9 | . 2 1 3 2 . 1 . Max in Single Turn 1 | . 1 1 1 1 . 1 . Machines Repaired . | . . . . . . . . Machines Dismantled . | . . . . . . . . Machines Sabotaged . | . . . . . . . . Overloaded Fab Kills . | . . . . . . . . Hacking | -11 -10 -10 -9 -9 -9 -8 -8 --------- Run | Yrd Mat Min Mat Min Exi Min Mat Machines Accessed 18 | . 9 . 7 1 1 . . Terminals 12 | . 7 . 5 . . . . Fabricators . | . . . . . . . . Repair Stations 3 | . 1 . 2 . . . . Recycling Units 1 | . 1 . . . . . . Scanalyzers . | . . . . . . . . Garrison Access . | . . . . . . . . Total Hacks 62 | . 34 . 26 1 1 . . Successful 37 | . 19 . 16 1 1 . . Failed 25 | . 15 . 10 . . . . Catastrophic 3 | . . . 3 . . . . Database Lockouts . | . . . . . . . . Manual 37 | . 21 . 15 . 1 . . Terminals 48 | . 28 . 20 . . . . Fabricators . | . . . . . . . . Repair Stations 10 | . 4 . 6 . . . . Recycling Units 2 | . 2 . . . . . . Scanalyzers . | . . . . . . . . Garrison Access . | . . . . . . . . Terminal Hacks 19 | . 9 . 8 1 1 . . Robot Analysis 7 | . 5 . 2 . . . . Prototype ID Bank 2 | . . . 2 . . . . Open Door 1 | . . . . 1 . . . Terminal Index 2 | . 1 . 1 . . . . Unreport Threat 4 | . 2 . 2 . . . . Locate Traps 1 | . 1 . . . . . . Zone Layout 1 | . . . 1 . . . . Derelict Proto ID Bank 1 | . . . . . 1 . . Fabricator Hacks . | . . . . . . . . Repair Station Hacks 10 | . 4 . 6 . . . . Scan Component 5 | . 2 . 3 . . . . Repair 5 | . 2 . 3 . . . . Recycling Unit Hacks . | . . . . . . . . Scanalyzer . | . . . . . . . . Garrison Access Hacks . | . . . . . . . . Unauthorized Hacks 8 | . 6 . 2 . . . . Terminals 7 | . 5 . 2 . . . . Assimilate 1 | . 1 . . . . . . Botnet 5 | . 3 . 2 . . . . Operators 1 | . 1 . . . . . . Fabricators . | . . . . . . . . Repair Stations . | . . . . . . . . Recycling Units 1 | . 1 . . . . . . Mask 1 | . 1 . . . . . . Scanalyzers . | . . . . . . . . Garrison Access . | . . . . . . . . Data Cores Recovered . | . . . . . . . . Used . | . . . . . . . . Hacking Detections 12 | . 7 . 5 . . . . Full Trace Events 5 | . 4 . 1 . . . . Feedback Events . | . . . . . . . . Feedback Blocked . | . . . . . . . . Robot Schematics Acquired . | . . . . . . . . Robots Built . | . . . . . . . . Authchips . | . . . . . . . . Time . | . . . . . . . . Total Robot Build Rating . | . . . . . . . . Part Schematics Acquired . | . . . . . . . . Parts Built . | . . . . . . . . Authchips . | . . . . . . . . Time . | . . . . . . . . Total Part Build Rating . | . . . . . . . . Parts Repaired 5 | . 2 . 3 . . . . Time 136 | . 52 . 84 . . . . Parts Recycled . | . . . . . . . . Recycled Matter . | . . . . . . . . Retrieved Matter . | . . . . . . . . Retrieved Components . | . . . . . . . . Parts Scanalyzed . | . . . . . . . . Part Schematics Acquired . | . . . . . . . . Parts Damaged . | . . . . . . . . Bothacking | -11 -10 -10 -9 -9 -9 -8 -8 ------------ Run | Yrd Mat Min Mat Min Exi Min Mat Used RIF Installer . | . . . . . . . . Robots Hacked . | . . . . . . . . Non-combat . | . . . . . . . . Combat . | . . . . . . . . Robot Hacks Applied . | . . . . . . . . Relay Couplers Released . | . . . . . . . . Fabnet Peak Effective % . | . . . . . . . . Robots Rewired . | . . . . . . . . Allies Hacked . | . . . . . . . . Hacks Repelled . | . . . . . . . . Allies | -11 -10 -10 -9 -9 -9 -8 -8 -------- Run | Yrd Mat Min Mat Min Exi Min Mat Total Allies 6 | . 1 . . 5 . . . Largest Group 5 | . 1 1 1 5 5 3 . Highest-Rated Group 81 | . 10 10 10 81 81 40 . Highest-Rated Ally 31 | . 10 10 10 31 31 16 . Total Orders 6 | . . 2 4 . . . . STAY 3 | . . 1 2 . . . . FOLLOW 3 | . . 1 2 . . . . Ally Attacks 13 | . . . . 1 . 12 . Total Damage 156 | . . . . 20 . 136 . Kills 2 | . . . . 1 . 1 . Allies Corrupted . | . . . . . . . . Allies Melted . | . . . . . . . . Intel | -11 -10 -10 -9 -9 -9 -8 -8 ------- Run | Yrd Mat Min Mat Min Exi Min Mat Robot Analysis Total 7 | . 5 . 2 . . . . Derelict Logs Recovered 2 | . . . . 2 . . . Drone Launches . | . . . . . . . . Drone Recoveries . | . . . . . . . . Exploration | -11 -10 -10 -9 -9 -9 -8 -8 ------------- Run | Yrd Mat Min Mat Min Exi Min Mat Turns Passed 5155 | 79 1055 367 2186 701 343 423 1 Spaces Moved 2406 | 47 430 154 911 407 213 244 . Core 4 | 4 . . . . . . . Treads 2402 | 43 430 154 911 407 213 244 . Legs . | . . . . . . . . Wheels . | . . . . . . . . Hover . | . . . . . . . . Flight . | . . . . . . . . Fastest Speed 50 | 50 160 160 160 160 160 160 . Average Speed 165 | 150 160 187 169 160 160 160 . Slowest Speed 240 | 160 160 240 240 160 160 240 . Overloaded Moves . | . . . . . . . . Propulsion Burnouts . | . . . . . . . . Robots Hopped . | . . . . . . . . Cave-ins Triggered . | . . . . . . . . Exploration Rate (%) 52 | 3 89 38 85 85 60 60 1 Regions Visited 7 Branch Regions 4 Pre-discovered Areas 2 | . . . . 2 . . . Known Exits Taken 1 | . 1 . . . . . . Unknown Exits Taken 6 | 1 . 1 1 1 1 1 . Scrap Searched 5 | . . 1 . 2 . 2 . Spaces Dug 28 | . . . 28 . . . . Terrain Destroyed 194 | . 15 19 157 3 . . . Melee . | . . . . . . . . Projectile . | . . . . . . . . AOE 194 | . 15 19 157 3 . . . Terrain Rammed . | . . . . . . . . Walls Destroyed . | . . . . . . . . Machines Disabled . | . . . . . . . . Actions | -11 -10 -10 -9 -9 -9 -8 -8 --------- Run | Yrd Mat Min Mat Min Exi Min Mat Total 3118 | 52 638 190 1322 440 216 259 1 Wait 315 | . 98 4 200 12 . 1 . Move 2399 | 46 429 153 910 406 212 243 . Hop . | . . . . . . . . Pick Up 27 | . 9 . 15 . 2 1 . Fast Attach 25 | 6 5 . 13 . . 1 . Attach 6 | . 1 1 1 1 . 1 1 Detach 1 | . . . . 1 . . . Swap 45 | . 9 2 32 2 . . . Drop 26 | . 3 . 19 1 2 1 . Fire 242 | . 80 29 118 6 . 9 . Melee 9 | . 2 . 7 . . . . Ram . | . . . . . . . . Kick . | . . . . . . . . Crush 23 | . 2 1 7 11 . 2 . Escape Stasis . | . . . . . . . . Rewire . | . . . . . . . . Trap . | . . . . . . . . Miscellaneous . | . . . . . . . . Route ------- -11/Scrapyard -10/Materials (discovered 4 exits: *Mat x3 / *Min) -10/Mines -9/Materials (discovered 6 exits: [*Mat x3] / *Min x2 / [*Sto]) -9/Mines (discovered 2 exits: [*Mat] / *Exi) -9/Exiles -8/Mines -8/Materials (discovered 1 exit: Fac) History --------- Turn | Location | Event 10 | -11/Scrapyard | Discovered new exit (range 16) 80 | -11/Scrapyard | Entered Materials 298 | -10/Materials | Discovered new exit (range 14) 313 | -10/Materials | Build established: Mutant 548 | -10/Materials | Discovered new exit (range 10) 707 | -10/Materials | Repaired Lgt. Treads 734 | -10/Materials | Repaired Assault Rifle 854 | -10/Materials | Discovered new exit (range 10) 932 | -10/Materials | Core integrity fell below 50% 1064 | -10/Materials | Discovered new exit (range 12) 1131 | -10/Materials | Identified exit to Mines 1135 | -10/Materials | Entered Mines 1135 | -10/Mines | Accompanied by 1 ally 1477 | -10/Mines | Discovered new exit (range 9) 1502 | -10/Mines | Entered Materials 1502 | -9/Materials | Accompanied by 1 ally 1502 | -9/Materials | Evolved 2 slots: Utility x2 1717 | -9/Materials | Repaired Lgt. Treads 2060 | -9/Materials | Discovered new exit (range 15) 2361 | -9/Materials | Discovered new exit (range 12) 2578 | -9/Materials | Discovered new exit (range 4) 2762 | -9/Materials | Repaired Lgt. Treads 2796 | -9/Materials | Repaired Hrd. Light Armor Plating 3100 | -9/Materials | Discovered new exit (range 6) 3119 | -9/Materials | Discovered new exit (range 14) 3168 | -9/Materials | Build established: Hacker-Mutant 3383 | -9/Materials | Discovered new exit (range 16) 3688 | -9/Materials | Entered Mines 3890 | -9/Mines | Found the Drone Emporium 3900 | -9/Mines | Found Prototype Device 3900 | -9/Mines | Identified Thief Drone Bay 4220 | -9/Mines | Assisted by bots powering up and referring to "LRC-V3" 4293 | -9/Mines | Learned location of Storage (-9) 4297 | -9/Mines | Discovered new exit (range 4) 4346 | -9/Mines | Learned location of Zion (-6) 4358 | -9/Mines | Learned 4 Materials zone layouts 4372 | -9/Mines | Deemed a non-threat by the Exiles lab entrance 4374 | -9/Mines | Discovered new exit (range 5) 4389 | -9/Mines | Entered Exiles 4389 | -9/Exiles | Accompanied by 5 allies 4419 | -9/Exiles | Led the pair of lost Derelicts to a safe place 4437 | -9/Exiles | Met 8R-AWN 4462 | -9/Exiles | Met EX-HEX 4509 | -9/Exiles | Met EX-BIN 4528 | -9/Exiles | Aligned with FarCom system 4530 | -9/Exiles | Given EX-Vault access code 4566 | -9/Exiles | Opened EX-Vault 4579 | -9/Exiles | Found YOLO Cannon 4613 | -9/Exiles | Warned to stay clear of 0b10 Research branches 4633 | -9/Exiles | Exiles lab attacked by MAIN.C 4712 | -9/Exiles | Discovered new exit (range 14) 4732 | -9/Exiles | Left Exiles lab with YOLO Cannon 4732 | -9/Exiles | Entered Mines 4732 | -8/Mines | Accompanied by 3 allies 5088 | -8/Mines | Discovered new exit (range 12) 5155 | -8/Mines | Entered Materials 5155 | -8/Materials | Accompanied by 2 allies 5155 | -8/Materials | Evolved 2 slots: Propulsion x1, Utility x1 5156 | -8/Materials | Identified exit to Factory 5156 | -8/Materials | Self-destructed Last Messages --------------- 05110_ Destroyed Lgt. Nuclear Core. 05110_ Nuclear Core destroyed. 05113_ Aluminum Leg melted. 05113_ G-47 Trooper destroyed. 05115_ Trooper 2b suffers critical hit (Burn). 05116_ Trooper 2b overheating. 05118_ Trooper 2b heat damages core (-6). 05118_ Trooper 2b overheating. 05119_ Laser Drill disabled. 05123_ Trooper 2b destroyed. 05124_ G-50 Soldier destroyed. 05127_ Acquired 27 matter. 05131_ G-47 Trooper destroyed. 05138_ Acquired Lgt. Nuclear Core. 05139_ Acquired 10 matter. PARAMETERS=PROPULSION+1,UTILITY+1 LOCATION=UNKNOWN GOAL=ESCAPE 05155_ Receiving FarCom transmissions... Loading 4 Materials zones... Map ----- +----------------------------------------------------+ | ????????????????????????????????????? | | ????????????????????????????????????? | | ????????????????????????????????????? | | ????????????????????????????????????? | | ????????????????????????????????????? | | ????????????????????????????????????? | | ????????????????????????????????????? | | ????????????????????????????????????? | | ????????????????????????????????????? | | ????????????????????????????????????? | | ????????????????????????????????????? | | ????????????????????????????????????? | | ????????????????????????????????????? | | ??????????????????????o?????????????? | | ????????????????????????????????????? | | ????????????????????????????????????? | | ????????????????????????????????????? | | ????????????????????????????????????? | | ????????????????????????????????????? | | ????????????????????????????????????? | | ????????????????????????????????????? | | ???????????????????# ???????????????? | | ???????????????????# ??????????????? | | ?????????????#+##### #####????????? | | ?????????? g #????????? | | ?????????? @g#????????? | | ?????????? #????????? | | ?????????????###############????????? | | ????????????????????????????????????? | | ????????????????????????????????????? | | ????????????????????????????????????? | | | | | | | | | | | | | | | | | | | | | | | | | | | | | | | | | | | | | | | +----------------------------------------------------+ Best States ------------- Heat Dissipation 28 Energy Generation 14 Energy Capacity 280 Matter Stores 300 Matter Capacity 300 Sight Range 16 Terrain Scan Range 14 Terrain Scan Density 10 Armor Coverage 150 Evasion (%) 40 Targeting Accuracy 5 Recoil Reduction 2 Offensive Hacking 10 Defensive Hacking 10 Item Schematics ----------------- None Robot Schematics ------------------ None Fabricated ------------ Nothing Alien Tech Used ----------------- None Achievements -------------- None Challenges ------------ None Game ------ Seed AuthchipFusionSheargun Manual? 0 Play Time 00:40:35 Cumulative 118.6 hours Start 2024.10.13 @ 17:33:49 End 2024.10.13 @ 19:44:32 Sessions 5 Manual Loads 0 Difficulty Rogue Special Mode None Game No. 76 Rogue 40 Adventurer 36 Explorer 0 Win Type - Total 2 Types 2/0/0/0/0/0/0/0/0 Lore% 52 Gallery% 58 Achievement% 51 Wizard Run 0 Options --------- Layout 1 ASCII 0 Keyboard 0 Movement Numpad Keybinds 0 Fullscreen 1 Font 48/Smallcaps Map View 50x35 Zoom Use 0% Tactical HUD 1 Map Filters NONE Filters NONE Steam 1 RUN: b71c0b9a-778e-47e6-a337-24959e430f2b